Map: Ohana ER

Players

IagoAbreu

  • Race: Terran Terran
  • Spawn Location: 11:00

I.A. 1 (Mais difícil) - Winner!

  • Race: Terran Terran
  • Spawn Location: 5:00

VOD

Have the link to the VOD?

Description

Time

  • Played on: Jan. 10, 2018, 10:30 a.m.
  • Length: 8:19
Show
View Real Time Build Order
Export as new Build Order

IagoAbreu Terran 

Build Orders: Command Center First (CC) 

Get SALT Encoding   

  12  0:01  SCV  
  13  0:13  SCV  
  14  0:26  SCV, Supply Depot  
  15  0:39  Supply Depot  
  15  1:05  Command Center  
  15  1:08  SCV  
  16  1:21  Barracks  
  16  1:25  SCV  
  17  1:37  SCV  
  18  1:43  Barracks  
  18  1:49  SCV  
  19  2:04  Engineering Bay  
  19  2:06  SCV  
  20  2:14  Bunker  
  20  2:23  Marine  
  20  2:28  SCV  
  22  2:32  Barracks  
  22  2:38  Refinery  
  22  2:40  SCV  
  22  2:41  Marine, Refinery  
  24  2:45  SCV  
  25  2:57  SCV  
  26  3:02  Orbital Command  
  26  3:10  SCV, Marine  
  28  3:22  Orbital Command  
  28  3:28  Marine  
  28  3:43  SCV  
  29  3:55  SCV  
  29  3:56  Marine  
  30  4:14  Marine  
  30  4:15  Marine  
  30  4:16  Marine  
  33  4:21  SCV  
  34  4:29  Terran Infantry Weapons Level 1  
  34  4:32  Marine  
  34  4:33  Marine, SCV  
  34  4:34  Marine  
  38  4:45  SCV  
  38  4:48  SCV  
  38  4:50  Marine  
  38  4:51  Marine  
  38  4:52  Marine  
  43  4:54  Engineering Bay  
  43  4:57  SCV  
  44  5:00  SCV  
  44  5:30  Barracks Tech Lab  
  44  5:33  Barracks Reactor x2  
  44  5:47  Sensor Tower  
  44  6:03  SCV, Command Center  
  45  6:06  SCV  
  46  6:15  Building Armor  
  46  6:23  Terran Infantry Armor Level 1  
  46  6:26  Factory  
  46  6:30  Factory  
  46  6:37  Barracks  
  46  6:47  Reaper x2  
  46  6:48  SCV, Reaper  
  46  6:50  SCV  
  46  6:51  Reaper  
  41  7:00  SCV  
  41  7:02  SCV  
  42  7:12  SCV  
  42  7:15  Supply Depot  
  44  7:17  Supply Depot  
  44  7:19  Reaper, Supply Depot  
  44  7:39  SCV, Cyclone  
  44  7:40  Cyclone  
Show
View Real Time Build Order
Export as new Build Order

I.A. 1 (Mais difícil) Terran - Winner!

Build Orders: MMM Bio 

Get SALT Encoding   

  12  0:00  SCV  
  13  0:13  SCV  
  14  0:19  Supply Depot  
  14  0:25  SCV  
  15  0:40  SCV  
  16  0:43  Barracks  
  16  0:49  Refinery  
  16  0:52  SCV  
  17  1:04  SCV  
  18  1:16  SCV  
  19  1:21  Supply Depot  
  19  1:29  SCV  
  19  1:32  Marine  
  21  1:41  Barracks  
  21  1:42  Orbital Command  
  21  1:47  Refinery  
  21  1:50  Barracks Tech Lab  
  21  2:03  Factory  
  21  2:08  Marine  
  22  2:19  Supply Depot  
  22  2:26  Marauder  
  22  2:29  Marine  
  25  2:48  Marauder  
  25  2:50  Hellion  
  29  2:54  Supply Depot  
  29  2:57  Marine  
  30  3:09  Marine  
  31  3:15  Marine  
  34  3:27  Marauder  
  34  3:29  Supply Depot, Hellion  
  36  3:46  SCV  
  39  3:48  Marauder  
  39  3:51  Hellion  
  39  3:55  Supply Depot  
  41  3:58  SCV  
  42  4:09  Engineering Bay  
  42  4:10  SCV  
  42  4:13  Hellion  
  45  4:22  SCV  
  46  4:34  SCV, Hellion  
  49  4:46  SCV  
  50  4:55  Hellion  
  50  4:58  SCV  
  53  5:10  SCV  
  54  5:17  Hellion  
  56  6:05  Barracks Tech Lab  
  56  6:06  Marine, Terran Infantry Weapons Level 1, Stimpack  
  56  6:08  Factory Tech Lab, Factory  
  57  6:11  Starport  
  57  6:14  Starport  
  57  6:16  Command Center, Supply Depot  
  57  6:23  Combat Shields  
  57  6:24  Marine  
  58  6:25  Marine  
  59  6:33  Siege Tank  
  62  6:40  Supply Depot  
  62  6:42  Marine  
  55  6:47  Marine, Starport Tech Lab  
  55  6:51  Starport Tech Lab  
  55  6:52  Missile Turret  
  55  6:53  Factory Tech Lab  
  52  6:59  Marine, Missile Turret  
  53  7:05  Siege Tank  
  56  7:11  Siege Tank  
  56  7:14  Raven  
  61  7:19  Bunker  
  61  7:27  Barracks  
  61  7:28  SCV x2  
  63  7:37  Cyclone  
  63  7:40  SCV x2, Marine, Missile Turret  
  66  7:44  Missile Turret  
  66  7:46  Refinery  
  66  7:47  Marine  
  66  7:52  SCV x2  
  69  8:04  SCV x2  
  69  8:05  Bunker  
  71  8:14  Sensor Tower  
Tags
 
Composition
MMM Bio
Matchup
TvT
Race
Terran
Spawn Locations
Cross Positions
Add a new tag
Caveats
  • Supply blocks, unpowered buildings, or Contaminate may cause inaccurate times.
  • Supply counts are checked every 10 seconds.